 Dungeon Crawl Stone Soup version 0.24.0-123-gd5b16e6ec5 (webtiles) character file.

Game seed: 13324617632885515062, levelgen mode: deterministic

1449 McKennaii the Zephyrmancer (level 8, -2/43 HPs)
             Began as a Tengu Air Elementalist on Jan 5, 2020.
             Was a Follower of Vehumet.
             Slain by a scorpion (5 damage)
             ... on level 8 of the Dungeon.
             The game lasted 00:16:32 (8094 turns).

McKennaii the Zephyrmancer (Tengu Air Elementalist) Turns: 8094, Time: 00:16:32

Health: -2/43      AC:  2    Str:  9    XL:     8   Next: 75%
Magic:  9/17       EV: 34    Int: 17    God:    Vehumet [*.....]
Gold:   302        SH:  0    Dex: 15    Spells: 10/18 levels left

rFire    . . .     SeeInvis .   k - +2 hunting sling (velocity)
rCold    . . .     Gourm    .   (no shield)
rNeg     . . .     Faith    .   a - +0 robe
rPois    +         Spirit   .   (helmet restricted)
rElec    .         Reflect  .   (no cloak)
rCorr    .         Harm     .   (no gloves)
MR       +....                  (boots unavailable)
Stlth    ++........             B - amulet of the acrobat
HPRegen  0.14/turn              e - ring of poison resistance
MPRegen  0.15/turn              r - +3 ring of evasion

@: acrobat, flying quickly and evasively, very slightly contaminated, quick
A: beak, talons 3, magic resistance 1, poison resistance, no potion heal 1, able
to fly
a: Stop Flying, Renounce Religion


You were on level 8 of the Dungeon.
You worshipped Vehumet.
Vehumet was aware of your devotion.
You were not hungry.

You visited 2 branches of the dungeon, and saw 9 of its levels.

You collected 302 gold pieces.

Inventory:

Hand Weapons
 k - a +2 hunting sling of velocity (weapon)
Missiles
 l - 243 stones (quivered)
Armour
 a - a +0 robe (worn)
Jewellery
 e - a ring of poison resistance (left hand)
 o - an uncursed ring of fire
 r - a +3 ring of evasion (right hand)
 B - an amulet of the acrobat (around neck)
Wands
 s - a wand of random effects (22)
Scrolls
 b - 4 scrolls of teleportation {unknown}
 d - 2 scrolls of enchant armour {unknown}
 f - 10 scrolls of identify
 h - a scroll of enchant weapon {unknown}
 n - 3 scrolls of immolation {unknown}
 q - 3 scrolls of remove curse {unknown}
 u - a scroll of magic mapping {unknown}
 w - 2 scrolls of random uselessness {unknown}
 y - 3 scrolls of noise {unknown}
 A - a scroll of fog {unknown}
 E - 2 scrolls of fear {unknown}
Potions
 g - 2 potions of might
 i - 3 potions of flight
 j - a potion of brilliance {unknown}
 m - 2 potions of degeneration {unknown}
 p - a potion of agility {unknown}
 t - a potion of lignification {unknown}
 v - 2 potions of mutation
 x - a potion of curing {unknown}
 z - a potion of resistance {unknown}
 C - 2 potions of haste {unknown}
 D - a potion of heal wounds {unknown}
Comestibles
 c - 9 rations


   Skills:
 + Level 1.0 Fighting
 + Level 2.7 Dodging
 + Level 2.8 Stealth
 + Level 5.7 Spellcasting
 + Level 6.3 Conjurations
 * Level 9.6 Air Magic


You had 10 spell levels left.
You knew the following spells:

 Your Spells              Type           Power        Failure   Level  Hunger
a - Shock                 Conj/Air       ####         1%          1    None
b - Swiftness             Chrm/Air       ###.....     2%          2    #......
c - Lightning Bolt        Conj/Air       ####......   14%         5    ######.

Your spell library contained the following spells:

 Spells                   Type           Power        Failure   Level  Hunger
 Sandblast                Erth           #.....       13%         1    None
 Static Discharge         Conj/Air       ####....     1%          3    ##.....
 Airstrike                Air            #####.....   2%          4    ####...
 Flame Tongue             Conj/Fire      ###..        3%          1    None
 Throw Flame              Conj/Fire      ###...       5%          2    #......
 Conjure Flame            Conj/Fire      ###.....     11%         3    ##.....
 Inner Flame              Hex/Fire       #.......     36%         3    ##.....
 Sticky Flame             Conj/Fire      ###.....     36%         4    ####...
 Fireball                 Conj/Fire      ###.......   71%         5    ######.


Dungeon Overview and Level Annotations

Branches:
Dungeon (8/15)             Temple (1/1) D:4
   Lair: D:8-11

Altars:
Ashenzari
Cheibriados
Elyvilon
Fedhas
Gozag
Hepliaklqana
Kikubaaqudgha
Makhleb
Okawaru
Qazlal
Ru
Sif Muna
Trog
Uskayaw
Vehumet
Wu Jian
Yredelemnul
Zin
The Shining One

Shops:
D:7 =*

Annotations:
D:3 1 runed translucent door, Bombadil's ghost, amateur MfTm


Innate Abilities, Weirdness & Mutations

You have a beak for a mouth.
You have claws for feet.
You can fly continuously.
You are resistant to hostile enchantments. (MR+)
Your system is resistant to poisons. (rPois)
Potions are less effective at restoring your health.


Message History

The orc priest is lightly wounded.
The orc priest shouts!
The orc priest invokes the aid of Beogh against you.
Beogh smites you!
Casting: Shock (safe; 1% risk of failure)
Confirm with . or Enter, or press ? or * to list all spells.
Aiming: Shock (safe; 1% risk of failure)
Press: ? - help, Shift-Dir - straight line, f/p - orc priest
Aim: an orc priest, wielding a +0 morningstar of holy wrath (lightly wounded)
You miscast Shock.
You are very lightly contaminated with residual magic.
Nothing appears to happen.
The orc priest mumbles some strange prayers to Beogh against you.
Beogh smites you!
* * * LOW HITPOINT WARNING * * *
A hound, a jelly and a scorpion come into view.
The jelly quivers.
Found a scroll labeled MAN PYARANAUP.
The scorpion stings you.
You die...

#.#.#o# ##..[.#
#)..#.# #.##..#
#<##.## #.##.#
#.##.# #.##.#
######.##@###...
.?..h...J.s.......
......####........
...... ######...
##### ..


You could see a scorpion, a hound and a jelly.

Vanquished Creatures
  A hungry ghost (D:7)
  2 ice beasts
  An ogre (D:5)
  A bullfrog (D:7)
  A scorpion (D:7)
  A quasit (D:5)
  2 hounds
  A centaur zombie (D:5)
  2 jellies (D:5)
  3 orc wizards
  8 orc priests
  A centaur skeleton (D:5)
  A bullfrog skeleton (D:4)
  A worker ant (D:5)
  Natasha (thrice) (D:2)
  A killer bee zombie (D:5)
  A hound zombie (D:6)
  A howler monkey zombie (D:7)
  A howler monkey skeleton (D:5)
  7 adders
  A white imp (D:7)
  2 oozes
  An adder skeleton (D:5)
  An adder zombie (D:5)
  4 worms
  2 dart slugs
  3 leopard geckos
  22 orcs
  5 giant cockroaches
  9 goblins
  6 hobgoblins
  3 jackals
  6 quokkas
  2 ball pythons
  8 bats
  7 frilled lizards
  A giant cockroach zombie (D:5)
  2 goblin skeletons (D:7)
  2 hobgoblin zombies (D:7)
  4 kobolds
  A kobold skeleton (D:7)
  2 kobold zombies (D:7)
  An orc skeleton (D:7)
  2 orc zombies (D:7)
  11 rats
148 creatures vanquished.

Notes
Turn   | Place    | Note
-------+----------+-------------------------------------------
     0 | D:1      | McKennaii the Tengu Air Elementalist began the quest for
                  | the Orb.
     0 | D:1      | Reached XP level 1. HP: 10/10 MP: 4/4
   242 | D:1      | Reached XP level 2. HP: 15/15 MP: 0/6
   627 | D:1      | Reached skill level 5 in Air Magic
   682 | D:1      | Reached XP level 3. HP: 19/19 MP: 4/7
   981 | D:1      | Learned a level 2 spell: Swiftness
  1857 | D:2      | Noticed Natasha
  1868 | D:2      | Killed Natasha
  1868 | D:2      | Reached XP level 4. HP: 20/24 MP: 0/8
  2088 | D:2      | Noticed Natasha
  2093 | D:2      | Killed Natasha
  2375 | D:2      | Reached skill level 6 in Air Magic
  2375 | D:2      | Gained mutation: You can fly continuously. [Tengu growth]
  2375 | D:2      | Reached XP level 5. HP: 21/28 MP: 3/10
  2547 | D:2      | Noticed Natasha
  2553 | D:2      | Killed Natasha
  3115 | D:3      | Reached XP level 6. HP: 20/32 MP: 0/11
  3323 | D:3      | Found a runed translucent door.
  3669 | D:3      | Learned a level 5 spell: Lightning Bolt
  3831 | D:3      | Noticed Bombadil's ghost (amateur MfTm)
  3989 | D:4      | Reached skill level 7 in Air Magic
  4390 | D:4      | Found an ornate altar of the Wu Jian Council.
  4395 | D:4      | Found a basalt altar of Yredelemnul.
  4396 | D:4      | Found a white marble altar of Elyvilon.
  4515 | D:4      | Reached XP level 7. HP: 17/36 MP: 2/13
  4646 | D:4      | Found a staircase to the Ecumenical Temple.
  4658 | Temple   | Entered the Ecumenical Temple
  4893 | D:5      | Entered Level 5 of the Dungeon
  5239 | D:5      | Reached skill level 5 in Conjurations
  5384 | D:5      | Reached skill level 8 in Air Magic
  5491 | D:5      | Reached skill level 1 in Fighting
  5491 | D:5      | Reached XP level 8. HP: 19/43 MP: 7/15
  5699 | D:5      | Found a sacrificial altar of Ru.
  5700 | D:5      | Found a radiant altar of Vehumet.
  5701 | D:5      | Found a blossoming altar of Fedhas.
  5777 | D:5      | Became a worshipper of Vehumet
  6161 | D:5      | Found a shimmering blue altar of Sif Muna.
  6356 | D:6      | Found a glowing silver altar of Zin.
  6936 | D:6      | Reached skill level 5 in Spellcasting
  7116 | D:7      | Found a glowing golden altar of the Shining One.
  7257 | D:7      | Reached * piety under Vehumet
  7257 | D:7      | Offered knowledge of Sandblast by Vehumet.
  7257 | D:7      | Reached skill level 9 in Air Magic
  7369 | D:7      | Found a burning altar of Makhleb.
  7459 | D:7      | Found Cudghuw's Assorted Antiques.
  7606 | D:7      | Gained mutation: Your system is resistant to poisons.
                  | (rPois) [potion of mutation]
  7606 | D:7      | Gained mutation: Potions are less effective at restoring
                  | your health. [potion of mutation]
  7606 | D:7      | Gained mutation: You are resistant to hostile enchantments.
                  | (MR+) [potion of mutation]
  7697 | D:7      | Found Syrph's Jewellery Boutique.
  8087 | D:8      | HP: 2/43 [orc priest/divine providence (15)]
  8094 | D:8      | Slain by a scorpion

Levels and vault maps discovered:
D:1:      roderic_crop_circles_arrival_small, layout_loops_ring
D:2:      layout_basic, uniq_natasha
D:3:      layout_rooms, ebering_ghost_reflecting_pool, nicolae_underground_beach
D:4:      layout_gridville, grunt_temple_overflow_open,
          minmay_temple_entry_statues, first_ration
D:5:      minmay_inner_zag, layout_cave_pools, gammafunk_temple_overflow_claw,
          lemuel_coloured_pillars_altar
D:6:      layout_loops_ring, nicolae_overflow_crystal_walls
D:7:      layout_basic, old_standard_altar, nicolae_tso_besieged_by_evil,
          serial_shops, shop_statue, nicolae_shop_stone
D:8:      layout_loops_ring, xom_butterflies, david_lair_shrubbed, basic_altar
Temple:   nicolae_temple_figure_zero

Skill      XL: |  1  2  3  4  5  6  7  8 |
---------------+-------------------------+-----
Air Magic      | 5 6 7 8 9 |  9.6
Conjurations   | 2 3 4 5 6 |  6.3
Spellcasting   | 3 4 5 |  5.7
Fighting       | 1 |  1.0
Dodging        | |  2.7
Stealth        | |  2.8

Action                   |  1- 3 |  4- 6 |  7- 9 || total
-------------------------+-------+-------+-------++-------
Melee: Unarmed           |     6 |       |       ||     6
       Kick              |     3 |       |     2 ||     5
       Hunting sling     |       |       |     3 ||     3
       Peck              |       |       |     1 ||     1
 Fire: Hunting sling     |     4 |       |       ||     4
 Cast: Shock             |    81 |   149 |   185 ||   415
 Abil: Fly               |       |     1 |       ||     1
Evoke: Wand              |       |       |     1 ||     1
  Use: Potion            |       |       |     2 ||     2
       Scroll            |       |       |     1 ||     1
  Eat: Ration            |     1 |       |     1 ||     2
       Chunk             |       |     9 |     7 ||    16
Armor: Robe              |     2 |     3 |     9 ||    14
Dodge: Dodged            |    11 |    34 |    36 ||    81
